 Dungeon Crawl Stone Soup version 0.18-a0-1554-g49b38aa (webtiles) character file.

193 Psiweapon the Bolt Thrower (level 6, -1/35 HPs)
             Began as a Kobold Hunter on Mar 12, 2016.
             Slain by an ogre
             ... wielding a +0 giant club
              (7 damage)
             ... on level 4 of the Dungeon.
             The game lasted 00:09:39 (2183 turns).

Psiweapon the Bolt Thrower (Kobold Hunter)          Turns: 2183, Time: 00:09:39

Health: -1/35      AC:  4    Str: 10    XL:     6   Next: 3%
Magic:  6/6        EV: 18    Int:  9    God:
Gold:   125        SH:  0    Dex: 19    Spells: 0 memorised, 5 levels left

rFire  . . .     SeeInvis .     q - +4 quarterstaff (chaos)
rCold  . . .     Gourm    .     c - +0 leather armour
rNeg   . . .     Faith    .     (shield currently unavailable)
rPois  .         Spirit   .     (no helmet)
rElec  .         Dismiss  .     r - +0 cloak
rCorr  .         Reflect  .     (no gloves)
SustAt .         Harm     +     (no boots)
MR     .....                    B - amulet of harm
Stlth  +++.......               k - ring of flight
                                g - +3 ring of evasion

@: flying, very slightly contaminated, hasted, very quick, not resistant to
hostile enchantments, fairly stealthy
A: carnivore 3
a: Stop Flying


You were on level 4 of the Dungeon.
You were very full.

You visited 1 branch of the dungeon, and saw 4 of its levels.

You collected 125 gold pieces.

Inventory:

Hand Weapons
 a - a +1 hand crossbow
 b - a +0 short sword
 q - a +4 quarterstaff of chaos (weapon)
 D - a cursed -1 whip
Missiles
 d - 28 bolts
 h - 25 poisoned needles
 l - 12 bolts of flame
 p - 55 sling bullets
 t - a throwing net (quivered)
Armour
 c - a +0 leather armour (worn)
 r - a +0 cloak (worn)
 y - a +0 shield
Jewellery
 g - a +3 ring of evasion (left hand)
 k - a ring of flight (right hand)
 v - a +6 ring of intelligence
 B - an amulet of harm (around neck)
Scrolls
 i - a scroll of amnesia {unknown}
 j - a scroll of identify {unknown}
 u - a scroll of remove curse
 w - 2 scrolls of enchant armour {unknown}
 A - a scroll of fear {unknown}
 C - a scroll of immolation {unknown}
Potions
 e - 2 potions of ambrosia {unknown}
 m - a potion of heal wounds {unknown}
 o - a potion of flight {unknown}
 s - a potion of mutation {unknown}
 x - a potion of berserk rage {unknown}
Comestibles
 f - 4 meat rations


   Skills:
 - Level 2.1 Fighting
 + Level 6.8 Crossbows
 - Level 2.4 Dodging
 + Level 5.2 Stealth


You had 5 spell levels left.
You didn't know any spells.

Dungeon Overview and Level Annotations

Branches:
Dungeon (4/15)
 Temple: D:4-7

Altars:
Fedhas
Makhleb
Ru
Xom


Innate Abilities, Weirdness & Mutations

You are small and have problems with some larger weapons.
You are carnivorous and can eat meat at any time.


Message History

The jackal barely misses you. The jackal closely misses you.
The ogre misses you. The jackal barely misses you.
Found a sacrificial altar of Ru.
The jackal bites you but does no damage.
Drink which item? (? for menu, Esc to quit)
It was a potion of haste.
You feel yourself speed up.
You are very lightly contaminated with residual magic.
The jackal closely misses you.
You hit the jackal.
You kill the jackal!
You hit the jackal.
The jackal is heavily wounded.
The jackal bites you but does no damage.
You sock the jackal!
You kill the jackal!
The jackal barely misses you. The iguana closely misses you.
The ogre closely misses you. The jackal closely misses you.
The ogre hits you with a giant club.
You die...

#.....# ##....#
### ##.#<#
...####.#.#
#..[#....#
#.≈.≈.(#####.#
#≈.≈.≈.......#
...#.$.#h........
..#@≈.##########
#hO.# #l≈.# #...#
#.≈†# #...# #####
#≈_≈# #.... #≈≈≈#
#.### ##### #.# #


You could see an ogre, an iguana and a jackal.

Vanquished Creatures
  A howler monkey (D:4)
  A hound (D:3)
  Crazy Yiuf (D:2)
  A gnoll (D:1)
  3 adders (D:2)
  3 worms
  3 orcs (D:3)
  5 bats
  2 giant cockroaches
  2 hobgoblins
  3 jackals (D:4)
  2 quokkas
  6 giant newts
  8 goblins
  7 kobolds
  4 rats
52 creatures vanquished.

Notes
Turn   | Place    | Note
--------------------------------------------------------------
     0 | D:1      | Psiweapon the Kobold Hunter began the quest for the Orb.
     0 | D:1      | Reached XP level 1. HP: 12/12 MP: 1/1
    27 | D:1      | Reached skill level 5 in Crossbows
   274 | D:2      | Reached XP level 2. HP: 17/17 MP: 2/2
   339 | D:2      | Found a blossoming altar of Fedhas.
   568 | D:2      | Reached XP level 3. HP: 21/21 MP: 3/3
   724 | D:4      | Reached skill level 6 in Crossbows
   724 | D:4      | Reached XP level 4. HP: 26/26 MP: 4/4
  1053 | D:2      | Noticed Crazy Yiuf
  1057 | D:2      | Killed Crazy Yiuf
  1057 | D:2      | Reached XP level 5. HP: 30/30 MP: 5/5
  2087 | D:3      | Found a shimmering altar of Xom.
  2134 | D:3      | Found a burning altar of Makhleb.
  2143 | D:3      | Reached skill level 5 in Stealth
  2143 | D:3      | Reached XP level 6. HP: 30/35 MP: 6/6
  2155 | D:4      | Noticed an ogre
  2168 | D:4      | Found a sacrificial altar of Ru.
  2183 | D:4      | Slain by an ogre

Vault maps used:
D:1:      minmay_arrival_up_and_down
D:2:      fedhas_altar_3, first_bread, hangedman_abyss_or_decor_stabs,
          uniq_crazy_yiuf_cottage
D:3:      nicolae_overflow_hidden_temple, hangedman_decor_slide_cut,
          makhleb_blood_cavern_becter
D:4:      nicolae_ru_path_of_blood

Skill      XL: |  1  2  3  4  5 |
---------------+----------------+-----
Crossbows      | 5 6 |  6.8
Stealth        | 2 3 4 5 |  5.2
Fighting       | |  2.1
Dodging        | |  2.4

Action                   |  1- 3 |  4- 6 || total
-------------------------+-------+-------++-------
Melee: Short sword       |    31 |    22 ||    53
       Quarterstaff      |       |     5 ||     5
 Fire: Hand crossbow     |    32 |    52 ||    84
 Abil: Evoke Flight      |       |     1 ||     1
  Use: Scroll            |       |     3 ||     3
       Potion            |       |     1 ||     1
  Eat: Chunk             |     7 |     3 ||    10
